 Dungeon Crawl Stone Soup version 0.30-a0-1157-g2cc9ac7196 (webtiles) character file.

Game seed: 12295887405644950673

55 sircluck the Trooper (level 3, 0/33 HPs)
             Began as a Hill Orc Fighter on Apr 24, 2023.
             Frozen to death by an endoplasm (5 damage)
             ... on level 3 of the Dungeon.
             The game lasted 00:02:31 (962 turns).

sircluck the Trooper (Hill Orc Fighter)              Turns: 962, Time: 00:02:33

Health: 0/33       AC:  7    Str: 20    XL:     3   Next: 93%
Magic:  3/3        EV:  9    Int:  8    God:
Gold:   67         SH:  4    Dex: 10    Spells: 2/2 levels left

rFire   . . .        a - +0 war axe
rCold   . . .        c - +0 buckler
rNeg    . . .        b - +0 scale mail
rPois   .            (no helmet)
rElec   .            (no cloak)
rCorr   .            (no gloves)
SInv    .            (no boots)
Will    .....        (no amulet) Stlth
                     (no ring)
HPRegen 0.25/turn    (no ring)
MPRegen 0.08/turn

%: no passive effects
@: no status effects
A: no striking features
a: no special abilities


You were on level 3 of the Dungeon.
You visited 1 branch of the dungeon, and saw 4 of its levels.

You collected 67 gold pieces.

Inventory:

Hand Weapons
 a - a +0 war axe (weapon)
Missiles
 e - 2 poisoned darts (quivered)
Armour
 b - a +0 scale mail (worn)
 c - a +0 buckler (worn)
Scrolls
 f - a scroll of teleportation {unknown}
 g - a scroll of blinking {unknown}
 h - 3 scrolls of identify {unknown}
Potions
 d - a potion of might
 i - a potion of attraction {unknown}


   Skills:
 + Level 4.3 Fighting
 + Level 3.1 Axes
 + Level 0.5 Throwing
 + Level 3.8 Armour
 + Level 3.8 Shields


You had 2 spell levels left.
You didn't know any spells.
Your spell library was empty.

Dungeon Overview and Level Annotations

Branches:
Dungeon (4/15)
 Temple: D:4-7

Altars:

Shops:
D:1 [


Message History

* * * LOW HITPOINT WARNING * * *
The gnoll hits you with a +0 spear.
* * * LOW HITPOINT WARNING * * *
The gnoll misses you. You block the gnoll's attack.
There is a stone staircase leading down here.
The gnoll hits you from afar with a +0 spear.
* * * LOW HITPOINT WARNING * * *
You climb downwards.
The endoplasm quivers.
Found a stone staircase leading down.
There is a stone staircase leading up here.
An endoplasm comes into view.
The giant cockroach bites you but does no damage.
The giant cockroach barely misses you. You block the giant cockroach's attack.
There is a stone staircase leading down here.
The giant cockroach bites you but does no damage.
You climb downwards.
You hear the sound of rushing water.
There is an entrance to a sewer on this level.
Hurry and find it before the portal rusts away!
The hound barks!
The ball python hisses angrily.
You hear a shout!
Found a hand axe and 7 stones.
Found a stone staircase leading down.
There is a stone staircase leading up here.
You are too injured to fight recklessly!
You are too injured to fight recklessly!
You are too injured to fight recklessly!
You are too injured to fight recklessly!
You closely miss the giant cockroach.
The giant cockroach bites you but does no damage.
You slash the giant cockroach!
You kill the giant cockroach!
A hobgoblin comes into view.
You climb upwards.
The endoplasm freezes you.
You are frozen.
* * * LOW HITPOINT WARNING * * *
There is a stone staircase leading down here.
You hit the endoplasm but do no damage. The endoplasm freezes you.
You are frozen.
You die...

.######## ........
. ....... ..
#...### #.#.# ####
#...##......
##...##.J.@....#
#....<.....J.#...#
#.............# #
#.............#
#............##
##..........##
##...##.....# ####
#####.# ..


You could see 2 endoplasms.

Vanquished Creatures
  A gnoll (D:2)
  4 dart slugs (D:1)
  5 ball pythons (D:1)
  2 endoplasms (D:1)
  3 giant cockroaches
  3 goblins (D:1)
  6 hobgoblins
  2 kobolds (D:1)
  A quokka (D:1)
  A bat (D:1)
  2 frilled lizards (D:1)
  2 rats
32 creatures vanquished.

Notes
Turn   | Place    | Note
-------+----------+-------------------------------------------
     0 | D:1      | sircluck the Hill Orc Fighter began the quest for the Orb.
     0 | D:1      | Reached XP level 1. HP: 19/19 MP: 1/1
   129 | D:1      | Found Pibrurru's Antique Armour Boutique.
   140 | D:1      | Reached skill level 4 in Fighting
   140 | D:1      | Reached XP level 2. HP: 27/27 MP: 2/2
   337 | D:1      | Reached XP level 3. HP: 31/33 MP: 3/3
   616 | D:1      | Found a faded altar of an unknown god.
   962 | D:3      | Frozen to death by an endoplasm

Illustrated notes

Levels and vault maps discovered:
D:1:      amcnicky_arrival_flooded_fountain, layout_loops_ring,
          hellmonk_ecumenical_altar_blasted, serial_shops,
          nicolae_shop_dealshenge
D:2:      layout_basic
D:3:      layout_rooms, serial_shops, nicolae_shop_advertising_works
          [nicolae_subvault_shop_adworks], uniq_jessica
D:4:      layout_basic, mainiacjoe_overflow_alcove_4,
          amethyst_overflow_temple_binary, portal_sewer_entry_a, serial_shops,
          nicolae_diamond_shop, ebering_ghost_gozag

Skill      XL: |  1  2  3 |
---------------+----------+-----
Fighting       | 4 |  4.3
Axes           | 3 |  3.1
Throwing       | |  0.5
Armour         | |  3.8
Shields        | |  3.8

Action                     || total
---------------------------++-------
  Melee: War axe           ||    73
  Throw: Dart              ||    31
         Stone             ||    12
 Armour: Scale mail        ||    44
  Dodge: Dodged            ||    37
  Block: Buckler           ||    18

Table legend: (Time is in decaauts)
 A = Elapsed time spent in this place.
 B = Non-inter-level travel time spent in this place.
 C = Inter-level travel time spent in this place.
 D = Time resting spent in this place.
 E = Time spent auto-exploring this place.
 F = Levels seen in this place.
 G = Mean time per level.
                   A        B        C        D        E       F      G
               +--------+--------+--------+--------+--------+-----+--------+
         Total |    992 |    948 |     44 |      0 |    675 |   4 |  248.0 |
       Dungeon |    992 |    948 |     44 |      0 |    675 |   4 |  248.0 |
               +--------+--------+--------+--------+--------+-----+--------+

Top non-repeatable levels by time:
     D:1: 885 daAuts
     D:2: 94 daAuts
     D:3: 8 daAuts
     D:4: 4 daAuts
